 Dungeon Crawl Stone Soup version 0.29.0-11-gd7f09526c8 (webtiles) character file.

Game seed: 15090846014648551220

22 spiderkeys the Sneak (level 2, -5/16 HPs)
             Began as a Vampire Enchanter on Sept 2, 2022.
             Slain by Terence
             ... wielding a +0 flail
              (8 damage)
             ... on level 2 of the Dungeon.
             The game lasted 00:03:19 (854 turns).

spiderkeys the Sneak (Vampire Enchanter)             Turns: 854, Time: 00:03:19

Health: -5/16      AC:  3    Str:  7    XL:     2   Next: 68%
Magic:  5/5        EV: 12    Int: 23    God:
Gold:   47         SH:  0    Dex: 14    Spells: 3/5 levels left

rFire   . . .      SeeInvis +   a - +1 dagger
rCold   + + .      Faith    .   (no shield)
rNeg    + + +      Spirit   .   b - +0 robe
rPois   ∞          Reflect  .   (no helmet)
rElec   .          Harm     .   (no cloak)
rCorr   .          Rampage  +   (no gloves)
Will    .....                   j - +0 pair of boots "Essiliri" {Rampage Fly Int+6}
Stlth   +++++.....              (no amulet)
HPRegen 0.00/turn               (no ring)
MPRegen 0.09/turn               (no ring)

@: flying, bloodless, inhibited regen, invisible
A: bloodless, fangs 3, see invisible, vampiric 1
a: Revivify


You were on level 2 of the Dungeon.
You visited 1 branch of the dungeon, and saw 2 of its levels.

You collected 47 gold pieces.


Innate Abilities, Weirdness & Mutations

You do not regenerate when monsters are visible.
You are frail without blood (-20% HP).
You can heal yourself when you bite living creatures.
You are immune to poison.
You have razor-sharp teeth.
You have supernaturally acute eyesight. (SInv)
You are afflicted with vampirism.


   Skills:
 + Level 0.7 Fighting
 + Level 1.6 Short Blades
 + Level 2.5 Dodging
 + Level 4.8 Stealth
 - Level 2.0 Spellcasting
 + Level 4.7 Hexes


You had 3 spell levels left.
You knew the following spells:

 Your Spells              Type           Power      Damage    Failure   Level
e - Ensorcelled Hibernat  Hex/Ice        26%        N/A       8%          2

Your spell library contained the following spells:

 Spells                   Type           Power      Damage    Failure   Level
 Confusing Touch          Hex            24%        N/A       5%          3
 Tukima's Dance           Hex            24%        N/A       5%          3
 Dazzling Flash           Conj/Hex       26%        N/A       14%         3

Inventory:

Hand Weapons
 a - a +1 dagger (weapon)
Missiles
 m - 6 stones (quivered)
Armour
 b - a +0 robe (worn)
 i - a +0 robe
   (You found it on level 1 of the Dungeon)
 j - the +0 pair of boots "Essiliri" (worn) {Rampage Fly Int+6}
   (You found it on level 2 of the Dungeon)

   Int:       It affects your intelligence (+6).
   Fly:       It grants you flight.
   Rampage:   It bestows one free step when moving towards enemies.
 n - a +0 plate armour
   (You found it on level 2 of the Dungeon)
 p - a +0 chain mail
   (You found it on level 2 of the Dungeon)
 q - a +0 ring mail
   (You found it on level 2 of the Dungeon)
Scrolls
 d - 2 scrolls of butterflies {unknown}
 g - 2 scrolls of identify {unknown}
 h - a scroll of enchant weapon {unknown}
 k - a scroll of blinking {unknown}
 o - a scroll of brand weapon {unknown}
 r - a scroll of noise {unknown}
Potions
 c - a potion of invisibility
 e - a potion of heal wounds {unknown}
 f - a potion of might {unknown}
 l - 2 potions of degeneration {unknown}

Dungeon Overview and Level Annotations

Branches:
Dungeon (2/15) Zot: 11147

Altars:

Annotations:
D:2 Sigmund, Terence

.. ..# ..# ..## #
...############.
...##........##.#######..
...##.)......##..........
...##........####@.#
...##........'..@..#
...##........###...####
...##..........#......#
...##.............#.#.#
...##.........#####.# #
.†.#............# .#
...#........†.#<# .#
####...####...#.# .#
####.†.####.###.#


You could see Terence (wandering, unable to see you).


Message History

Your hp is fully restored (16).
A bat comes into view.
You rampage towards the bat!
Sigmund the Dreaded comes into view.
He is wielding a +0 scythe of flaming.
You rampage towards the bat!
A rat comes into view.
You rampage towards the bat!
The helpless bat fails to defend itself.
You bite the bat, and draw its blood! You puncture the bat!
You kill the bat!
The helpless rat fails to defend itself.
You bite the rat, and draw its blood! You impale the rat!!
You kill the rat!
m - 6 stones
n - a +0 plate armour
l - 2 glowing brown potions (gained 1)
Found a stone staircase leading up.
There is a stone staircase leading up here.
Found a stone staircase leading down.
o - a scroll labelled TAILLI JAESY
p - a +0 chain mail You reach down and open the door.
A bat comes into view.
The bat moves out of view.
There is an open door here. 2 bats come into view.
The bat closely misses you.
You hit the bat. The bat hits you. x2 😕 HP[-2]
You take 2 damage, and now have 14/16 hp.
You hit the bat but do no damage. The bat hits you but does no damage.
The bat barely misses you.
You miss the bat. The bat hits you but does no damage.
The bat barely misses you.
You miss the bat. The bat closely misses you. x2
You closely miss the bat. The bat barely misses you.
The bat hits you but does no damage.
You closely miss the bat. Your bite misses the bat. The bat closely misses you.
The bat hits you but does no damage.
You barely miss the bat. The bat hits you but does no damage. x2
You miss the bat. You bite the bat.
You draw the bat's blood!
You feel better. The bat closely misses you. x3 😎 HP[+2]
Your hp is fully restored (16).
You hit the bat.
You kill the bat!
The bat barely misses you.
You hit the bat.
You kill the bat!
No target in view!
No target in view!
No target in view!
A bat comes into view.
A bat is nearby!
A bat is nearby!
You rampage towards the bat!
You rampage towards the bat!
You rampage towards the bat!
The helpless bat fails to defend itself.
You bite the bat, and draw its blood! You impale the bat!!
You kill the bat!
No target in view!
q - a +0 ring mail A goblin comes into view.
It is wielding a +0 dagger.
Found a stone staircase leading up.
A goblin is nearby!
You rampage towards the goblin!
You rampage towards the goblin!
The helpless goblin fails to defend itself.
You bite the goblin, and draw its blood!
You impale the goblin!!
You kill the goblin!
r - a scroll labelled QEMNAR WAORASCH
There is a stone staircase leading up here.
You see here a bat corpse.
You reach down and open the door.
There is an open door here.
Terence the Incautious comes into view.
He is wielding a +0 flail.
You rampage towards Terence!
The helpless Terence fails to defend himself.
You bite Terence, and draw his blood! You puncture Terence!
Terence hits you with a +0 flail!
Ouch! That really hurt!
* * * LOW HITPOINT WARNING * * *
😨 HP[-9]
You take 9 damage, and now have 7/16 hp.
MASSIVE DAMAGE!! (PAUSE)
Okay, then.
Okay, then.
You hit Terence but do no damage. Terence hits you with a +0 flail.
* * * LOW HITPOINT WARNING * * *
😱 HP[-4]
You take 4 damage, and now have 3/16 hp.
MASSIVE DAMAGE!! (PAUSE)
You fade into invisibility!
Terence barely misses you.
You barely miss Terence. Terence completely misses you.
You barely miss Terence. Terence hits you with a +0 flail!
Ouch! That really hurt!
You die...

Action                   || total
-------------------------++-------
Melee: Dagger            ||    45
       Bite              ||     4
       Punch             ||     1
 Abil: Exsanguinate      ||     1
  Use: Potion            ||     1
 Stab: Sleeping          ||    11
       Distracted        ||     1
Armor: Robe              ||     8
Dodge: Dodged            ||    19

Levels and vault maps discovered:
D:1:      amcnicky_arrival_abandoned_market, layout_rooms,
          chequers_ecumenical_altar_twisty
D:2:      layout_basic, uniq_terence, uniq_sigmund

Notes
Turn   | Place    | Note
-------+----------+-------------------------------------------
     0 | D:1      | spiderkeys the Vampire Enchanter began the quest for the
                  | Orb.
     0 | D:1      | Reached XP level 1. HP: 13/13 MP: 3/3
     0 | D:1      | magus.rc [v1.11.3]
     3 | D:1      | magus.rc [v1.11.3]
     3 | D:1      | magus.rc [v1.11.3]
   313 | D:1      | Reached XP level 2. HP: 16/16 MP: 5/5
   355 | D:1      | Learned a level 2 spell: Ensorcelled Hibernation
   454 | D:1      | Found a faded altar of an unknown god.
   634 | D:2      | Identified the +0 pair of boots "Essiliri" {Rampage Fly
                  | Int+6}
   702 | D:2      | Noticed Sigmund
   846 | D:2      | Noticed Terence
   850 | D:2      | HP: 3/16 [Terence/+0 flail (4)]
   854 | D:2      | Slain by Terence

Vanquished Creatures
  2 ball pythons
  4 endoplasms
  A giant cockroach (D:2)
  3 goblins
  A kobold (D:1)
  A quokka (D:1)
  5 bats
  A frilled lizard (D:1)
  2 rats (D:2)
20 creatures vanquished.

Table legend:
 A = Non-vault XP
 B = Vault XP
 C = Vault XP percentage of total XP
 D = Non-vault monster count
 E = Vault monster count
 F = Vault count percentage of total count
                 A         B        C        D         E       F
            +---------+---------+-------+---------+---------+-------
      Total |      32 |       0 |   0.0 |      20 |       0 |   0.0
            +---------+---------+-------+---------+---------+-------
        D:1 |      15 |       0 |   0.0 |       9 |       0 |   0.0
        D:2 |      17 |       0 |   0.0 |      11 |       0 |   0.0
            +---------+---------+-------+---------+---------+-------

Illustrated notes

Table legend:
 A = Kills in this place as a percentage of kills in entire the game.
 B = Kills by you in this place as a percentage of kills by you in the entire game.
 C = Kills by friends in this place as a percentage of kills by friends in the entire game.
 D = Other kills in this place as a percentage of other kills in the entire game.
 E = Experience gained in this place as a percentage of experience gained in the entire game.
 F = Experience gained in this place divided by the number of levels of this place that you have seen.
                   A       B       C       D       E      F
               +-------+-------+-------+-------+-------+----------------------
         Total | 100.0 | 100.0 |   N/A |   N/A | 100.0 |  16.0
       Dungeon | 100.0 | 100.0 |   N/A |   N/A | 100.0 |  16.0
               +-------+-------+-------+-------+-------+----------------------

Table legend: (Time is in decaauts)
 A = Elapsed time spent in this place.
 B = Non-inter-level travel time spent in this place.
 C = Inter-level travel time spent in this place.
 D = Time resting spent in this place.
 E = Time spent auto-exploring this place.
 F = Levels seen in this place.
 G = Mean time per level.
                   A        B        C        D        E       F      G
               +--------+--------+--------+--------+--------+-----+--------+
         Total |    851 |    814 |     37 |    103 |    537 |   2 |  425.5 |
       Dungeon |    851 |    814 |     37 |    103 |    537 |   2 |  425.5 |
               +--------+--------+--------+--------+--------+-----+--------+

Top non-repeatable levels by time:
     D:1: 605 daAuts
     D:2: 246 daAuts
